 Dungeon Crawl Stone Soup version 0.31-a0-233-g139696dc86 (webtiles) character file.

Game seed: 1695616103063460648

76 qw the Shooter (level 4, 0/26 HPs)
             Began as a Gargoyle Hexslinger on July 8, 2023.
             Slain by Terence
             ... wielding a +0 flail
              (5 damage)
             ... on level 2 of the Dungeon.
             The game lasted 00:00:26 (1033 turns).

qw the Shooter (Gargoyle Hexslinger)                Turns: 1033, Time: 00:00:27

Health: 0/26       AC:  6    Str: 11    XL:     4   Next: 32%
Magic:  5/5        EV: 12    Int: 14    God:
Gold:   13         SH:  0    Dex: 14    Spells: 4/5 levels left

rFire   . . .        Y - +1 sling
rCold   . . .        (no shield)
rNeg    + . .        c - +0 robe
rPois   inf          (no helmet)
rElec   +            (no cloak)
rCorr   .            d - +0 pair of gloves
SInv    .            (no boots)
Will    .....        (no amulet)
Stlth   +            (no ring)
HPRegen 0.24/turn    (no ring)
MPRegen 0.09/turn

%: no passive effects
@: no status effects
A: sickness immunity, AC +3, negative energy resistance 1, electricity
resistance, torment resistance 1, petrification resistance
a: no special abilities


You were on level 2 of the Dungeon.
You visited 1 branch of the dungeon, and saw 2 of its levels.

You collected 13 gold pieces.


Innate Abilities, Weirdness & Mutations

You are immune to sickness and miasma.
Your stone body is resilient. (AC +3)
You are immune to poison.
You resist negative energy. (rN+)
You are resistant to electric shocks. (rElec)
You are resistant to unholy torment.
You are immune to petrification.


   Skills:
 - Level 2.0 Fighting
 + Level 4.1 Ranged Weapons
 - Level 1.5 Dodging
 - Level 1.0 Spellcasting
 - Level 2.6 Hexes


You had 4 spell levels left.
You knew the following spells:

 Your Spells              Type           Power      Damage    Failure   Level
a - Slow                  Hex            32%        N/A       9%          1

Your spell library contained the following spells:

 Spells                   Type           Power      Damage    Failure   Level
 Inner Flame              Hex/Fire       4%         N/A       41%         3
 Portal Projectile        Hex/Tloc       8%         N/A       41%         3
 Cause Fear               Hex            4%         N/A       65%         4

Inventory:

Hand Weapons
 Y - a +1 sling (weapon)
Armour
 c - a +0 robe (worn)
 d - a +0 pair of gloves (worn)
Potions
 f - a potion of mutation {unknown}

Dungeon Overview and Level Annotations

Branches:
Dungeon (2/15)

Altars:

Annotations:
D:2 Terence


Message History

You shoot a sling bullet. The sling bullet hits the kobold.
You kill the kobold!
A ball python comes into view.
You shoot a sling bullet. The ball python hisses angrily.
The sling bullet hits Terence.
Terence is lightly wounded.
You shoot a sling bullet. The sling bullet hits Terence.
Terence is moderately wounded.
Terence hits you with a +0 flail.
You shoot a sling bullet.
The sling bullet hits Terence but does no damage.
Terence is moderately wounded.
Terence hits you with a +0 flail.
You shoot a sling bullet.
The sling bullet closely misses Terence.
The sling bullet hits the ball python.
You kill the ball python!
Terence closely misses you. Terence hits you with a +0 flail!
You shoot a sling bullet. The sling bullet hits Terence.
Terence is moderately wounded.
Terence closely misses you.
You shoot a sling bullet.
The sling bullet hits Terence but does no damage.
Terence is moderately wounded.
A bat comes into view.
Terence closely misses you.
You shoot a sling bullet.
The sling bullet completely misses Terence.
Terence hits you but does no damage.
You shoot a sling bullet. The sling bullet hits Terence.
Terence is severely wounded.
The bat hits you. Terence hits you with a +0 flail.
You shoot a sling bullet. The sling bullet hits Terence.
Terence is severely wounded.
The bat closely misses you. Terence barely misses you.
You shoot a sling bullet. The sling bullet barely misses Terence.
The bat hits you but does no damage. Terence barely misses you.
Terence hits you with a +0 flail.
You die...

..# #.. #.#
#.# #)#
#######)#
......b@# #@#
####.# ..
#....# ...
##.####
...#####..####
.......%..))%#
....>....)##.#
###.....#.# ..
........#.#
...


You could see Terence and a bat.

Vanquished Creatures
  4 gnolls (D:2)
  3 dart slugs (D:1)
  5 bats
  An endoplasm (D:1)
  A giant cockroach (D:1)
  3 goblins
  2 hobgoblins
  A jackal (D:2)
  5 kobolds
  A quokka (D:1)
  3 ball pythons
  3 frilled lizards (D:1)
  3 rats (D:1)
35 creatures vanquished.

Notes
Turn   | Place    | Note
-------+----------+-------------------------------------------
     0 | D:1      | qw the Gargoyle Hexslinger began the quest for the Orb.
     0 | D:1      | Reached XP level 1. HP: 12/12 MP: 2/2
     0 | D:1      | 0 ||| qw: Version: 0.3-a-46-gb1f654a
     0 | D:1      | 0 ||| qw: Game counter: 3654
     0 | D:1      | 0 ||| qw: Melee chars always use a shield: true
     0 | D:1      | 0 ||| qw: God list: Okawaru
     0 | D:1      | 0 ||| qw: Allow faded altars: false
     0 | D:1      | 0 ||| qw: Do Orc after clearing Dungeon:15 true
     0 | D:1      | 0 ||| qw: Do second Lair branch before Depths: true
     0 | D:1      | 0 ||| qw: Lair rune preference: random
     0 | D:1      | 0 ||| qw: Goals: Normal
     0 | D:1      | 0 ||| PLANNING D:1-11
    93 | D:1      | Reached XP level 2. HP: 14/16 MP: 3/3
   222 | D:1      | Reached skill level 3 in Ranged Weapons
   317 | D:1      | 317 ||| FLEEEEING.
   525 | D:1      | Reached XP level 3. HP: 21/21 MP: 4/4
   875 | D:1      | 875 ||| UPGRADING to +0 pair of gloves.
   880 | D:1      | 880 ||| READING scroll labelled MASES FURUOK.
   881 | D:1      | 881 ||| DROPPING scroll of poison.
   927 | D:2      | 927 ||| Stepping ~*~*~tactically~*~*~ (outnumbered).
   940 | D:2      | Reached XP level 4. HP: 13/26 MP: 5/5
   942 | D:2      | Reached skill level 4 in Ranged Weapons
  1017 | D:2      | Noticed Terence
  1031 | D:2      | HP: 4/26 [Terence/+0 flail (5)]
  1033 | D:2      | Slain by Terence

Levels and vault maps discovered:
D:1:      minmay_arrival_solitary_statue, layout_basic,
          shapermc_ecumenical_altar_petra
D:2:      minmay_spotlight, layout_basic, serial_curves, eino_curves_01,
          eino_curves_01, minmay_pentomino_s2, uniq_terence, uniq_robin

Skill      XL: |  1  2  3  4 |
---------------+-------------+-----
Ranged Weapons | 3 4 |  4.1
Fighting       | 2 |  2.0
Dodging        | |  1.5
Spellcasting   | |  1.0
Hexes          | |  2.6

Action                     |  1- 3 |  4- 6 || total
---------------------------+-------+-------++-------
   Fire: Sling             |   106 |    27 ||   133
    Use: Scroll            |     1 |       ||     1
 Armour: Robe              |    16 |     4 ||    20
  Dodge: Dodged            |    45 |    11 ||    56

Table legend:
 A = Non-vault XP
 B = Vault XP
 C = Vault XP percentage of total XP
 D = Non-vault monster count
 E = Vault monster count
 F = Vault count percentage of total count
                 A         B        C        D         E       F
            +---------+---------+-------+---------+---------+-------
      Total |     105 |       4 |   3.7 |      33 |       2 |   5.7
            +---------+---------+-------+---------+---------+-------
        D:1 |      42 |       0 |   0.0 |      24 |       0 |   0.0
        D:2 |      63 |       4 |   6.0 |       9 |       2 |  18.2
            +---------+---------+-------+---------+---------+-------
